 Dungeon Crawl Stone Soup version 0.29.1-12-g30fa7ad0bf (webtiles) character file.

Game seed: 16884231767482435210

1887 Rrauwl the Cruncher (level 9, -3/48 HPs)
             Began as a Tengu Gladiator on Jan 7, 2023.
             Slain by a two-headed ogre
             ... wielding a +0 giant club
              (11 damage)
             ... on level 7 of the Dungeon.
             The game lasted 00:20:26 (6906 turns).

Rrauwl the Cruncher (Tengu Gladiator)               Turns: 6906, Time: 00:20:28

Health: -3/48      AC:  9    Str: 16    XL:     9   Next: 14%
Magic:  11/11      EV: 16    Int: 10    God:
Gold:   271        SH:  0    Dex: 17    Spells: 6/9 levels left

rFire   . . .      SeeInvis +   a - +0 quarterstaff (flame)
rCold   + . .      Faith    .   (shield currently unavailable)
rNeg    . . .      Spirit   .   s - +3 leather armour {rC+}
rPois   .          Reflect  .   c - +2 hat
rElec   .          Harm     .   (no cloak)
rCorr   .          Rampage  .   k - +0 pair of gloves
Will    +....                   (boots unavailable)
Stlth   +.........              (no amulet)
HPRegen 0.16/turn               v - ring of see invisible
MPRegen 0.12/turn               n - ring of willpower

@: flying quickly and evasively, quick
A: beak, talons 3, nimble flight, screaming 1, wild magic 1
a: no special abilities


You were on level 7 of the Dungeon.
You visited 1 branch of the dungeon, and saw 7 of its levels.

You collected 307 gold pieces.
You spent 36 gold pieces at shops.

Inventory:

Hand Weapons
 a - a +0 quarterstaff of flaming (weapon)
Missiles
 e - 3 javelins
 m - 19 poisoned darts
 q - a throwing net (quivered)
 A - 3 datura-tipped darts
Armour
 c - a +2 hat (worn)
 k - a +0 pair of gloves (worn)
 r - an orb of guile
 s - a +3 leather armour of cold resistance (worn)
 y - +0 steam dragon scales
Magical Staves
 b - a staff of poison
 x - a staff of fire
Jewellery
 g - a ring of wizardry
 h - a ring of wizardry
 n - a ring of willpower (right hand)
 u - an amulet of faith
 v - a ring of see invisible (left hand)
 z - a ring of protection from cold
Wands
 d - a wand of polymorph (11)
Scrolls
 f - 5 scrolls of identify
 j - 3 scrolls of magic mapping
 l - 5 scrolls of teleportation
 t - a scroll of fear
Potions
 i - a potion of attraction
 o - 3 potions of curing
 p - 2 potions of brilliance
 w - a potion of heal wounds


   Skills:
 - Level 2.0 Fighting
 - Level 12.0 Staves
 - Level 2.0 Throwing
 - Level 4.0 Armour
 - Level 4.0 Dodging
 + Level 0.8 Spellcasting
 + Level 0.9 Evocations


You had 6 spell levels left.
You knew the following spells:

 Your Spells              Type           Power      Damage    Failure   Level
a - Mephitic Cloud        Conj/Pois/Air  0%         N/A       83%         3

Your spell library contained the following spells:

 Spells                   Type           Power      Damage    Failure   Level
 Freeze                   Ice            0%         1d3       47%         1
 Magic Dart               Conj           0%         1d3       47%         1
 Call Imp                 Summ           0%         N/A       63%         2
 Dazzling Flash           Conj/Hex       0%         N/A       83%         3
 Frozen Ramparts          Ice            0%         1d1       83%         3
 Hailstorm                Conj/Ice       0%         3d3       99%         4
 Agony                    Necr           0%         N/A       100%        5
 Silence                  Hex/Air        0%         N/A       100%        5


Dungeon Overview and Level Annotations

Branches:
Dungeon (7/15)
 Temple: D:4-7

Altars:
Dithmenos
Fedhas
Makhleb
Nemelex Xobeh
Okawaru
Qazlal
Sif Muna
Trog
Vehumet

Shops:
D:1 =   D:5 =   D:6 *

Annotations:
D:6 exclusion: statue
D:7 Dowan, Duvessa


Innate Abilities, Weirdness & Mutations

You have a beak for a mouth.
You have claws for feet.
Your magical nature lets you fly swiftly and evasively.
You occasionally shout uncontrollably at your foes.
Your spells are a little harder to cast, but a little more powerful.


Message History

A two-headed ogre comes into view. It is wielding two +0 giant clubs.
Duvessa is nearby!
You see here a +0 giant spiked club.
Duvessa zaps a wand.
The puff of flame hits you!
There is a stone staircase leading up here.
You fly upwards.
Level annotation: exclusion: statue
There is a stone staircase leading down here.
HP restored.
Partly explored, can't reach some places.
You fly downwards.
Level annotation: Dowan, Duvessa
There is a stone staircase leading up here.
Aiming: Polymorph
Press: ? - help, Shift-Dir - straight line, f - two-headed ogre
Aim: a two-headed ogre, wielding two +0 giant clubs (will become a komodo dragon, a swamp worm, or a glowing orange brain, chance to affect: 33%)
The two-headed ogre easily resists.
The two-headed ogre hits you with a +0 giant club.
The two-headed ogre barely misses you.
You sock the two-headed ogre! You burn the two-headed ogre.
You peck the two-headed ogre.
The two-headed ogre is moderately wounded.
You hit the two-headed ogre. You burn the two-headed ogre.
You peck the two-headed ogre.
The two-headed ogre is heavily wounded.
The two-headed ogre hits you with a +0 giant club!!
Ouch! That really hurt!
The two-headed ogre hits you with a +0 giant club!
* * * LOW HITPOINT WARNING * * *
You closely miss the two-headed ogre.
You claw the two-headed ogre, but do no damage.
The two-headed ogre is heavily wounded.
Dowan smirks and points a slender finger.
You hit the two-headed ogre. You burn the two-headed ogre.
You claw the two-headed ogre.
You peck the two-headed ogre, but do no damage.
The two-headed ogre is heavily wounded.
The two-headed ogre misses you.
The two-headed ogre hits you with a +0 giant club!
You die...

#..## ##.e..# #...#
#.....# ##...##
##.###.!# #..)..###
###.## .e..
#.).....## ##.e##
...# .####.)..###
###..## .e. ##
##.....###..).# O.
##.........O.## .
##......##@..###
#.....#####...####
#....## ###....#
#....# ##...# #...##
##.## ##...## #..#
##.....#########..#
##...##.<.........##
#..####....>......#


You could see a two-headed ogre and Dowan.

Vanquished Creatures
  Grinder (D:3)
  Sigmund (D:2)
  A steam dragon (D:6)
  Eustachio (D:4)
  An ice beast (D:5)
  2 sky beasts (D:6)
  A centaur (D:6)
  2 ogres
  3 lemures (D:5)
  A bullfrog (D:6)
  2 necrophages (D:5)
  A scorpion (D:5)
  3 orc priests
  A hound (D:5)
  Jessica (D:2)
  3 iguanas
  2 orc wizards
  Natasha (twice) (D:2)
  Robin (D:3)
  10 adders
  5 worms
  15 orcs
  8 endoplasms
  4 giant cockroaches
  11 goblins
  8 hobgoblins
  4 jackals (D:2)
  7 kobolds
  5 quokkas
  7 ball pythons
  5 bats
  3 frilled lizards (D:1)
  6 rats
128 creatures vanquished.

Vanquished Creatures (others)
  A fungus (D:5)
  4 plants (D:4)
5 creatures vanquished.

Grand Total: 133 creatures vanquished

Notes
Turn   | Place    | Note
-------+----------+-------------------------------------------
     0 | D:1      | Rrauwl the Tengu Gladiator began the quest for the Orb.
     0 | D:1      | Reached XP level 1. HP: 12/12 MP: 2/2
   123 | D:1      | Reached XP level 2. HP: 7/17 MP: 3/3
   560 | D:1      | Found Wifuc's Jewellery Emporium.
  1048 | D:1      | Found a faded altar of an unknown god.
  1075 | D:1      | Reached XP level 3. HP: 21/21 MP: 4/4
  1153 | D:1      | Reached skill level 4 in Staves
  1448 | D:2      | Reached XP level 4. HP: 12/26 MP: 5/5
  1641 | D:2      | Reached skill level 5 in Staves
  1789 | D:2      | Noticed Sigmund
  2074 | D:2      | Noticed Jessica
  2079 | D:2      | Killed Jessica
  2080 | D:2      | Gained mutation: Your magical nature lets you fly swiftly
                  | and evasively. [Tengu growth]
  2080 | D:2      | Reached XP level 5. HP: 19/30 MP: 6/6
  2372 | D:2      | Killed Sigmund
  2373 | D:2      | Reached skill level 7 in Staves
  2373 | D:2      | Reached XP level 6. HP: 35/35 MP: 7/7
  2465 | D:2      | Noticed Natasha
  2472 | D:2      | Killed Natasha
  2628 | D:2      | Noticed Natasha
  2632 | D:2      | Killed Natasha
  2812 | D:3      | Noticed Robin
  2984 | D:3      | Noticed Grinder
  2994 | D:3      | Killed Grinder
  2995 | D:3      | Reached skill level 8 in Staves
  2995 | D:3      | Reached XP level 7. HP: 32/40 MP: 8/8
  3202 | D:3      | Killed Robin
  3554 | D:3      | Found a shadowy altar of Dithmenos.
  3554 | D:3      | Found an iron altar of Okawaru.
  3747 | D:4      | Noticed Eustachio
  3881 | D:4      | Reached skill level 9 in Staves
  4126 | D:4      | Found a stormy altar of Qazlal.
  4200 | D:4      | Found a shimmering blue altar of Sif Muna.
  4416 | D:4      | Killed Eustachio
  4488 | D:4      | Noticed a moth of wrath
  4490 | D:4      | Found a bloodstained altar of Trog.
  4787 | D:5      | Entered Level 5 of the Dungeon
  4802 | D:5      | Reached skill level 10 in Staves
  4802 | D:5      | Reached XP level 8. HP: 44/44 MP: 9/9
  4831 | D:5      | Found a burning altar of Makhleb.
  4838 | D:5      | Found Wuexieh's Jewellery Emporium.
  4866 | D:5      | Noticed Pikel
  5149 | D:5      | Found a blossoming altar of Fedhas.
  5157 | D:5      | Reached skill level 11 in Staves
  5190 | D:5      | Noticed Pikel
  5190 | D:5      | Pikel changed into Pikel the giant cockroach
  5192 | D:5      | Killed Pikel the giant cockroach
  5418 | D:6      | Gained mutation: You occasionally shout uncontrollably at
                  | your foes. [potion of mutation]
  5418 | D:6      | Gained mutation: Your spells are a little harder to cast,
                  | but a little more powerful. [potion of mutation]
  5543 | D:6      | Learned a level 3 spell: Mephitic Cloud
  5560 | D:6      | Found Rydoul's General Store.
  5566 | D:6      | Bought a potion of attraction for 36 gold pieces
  5624 | D:6      | Reached skill level 12 in Staves
  6069 | D:6      | Reached XP level 9. HP: 33/48 MP: 10/10
  6307 | D:6      | Found a radiant altar of Vehumet.
  6524 | D:7      | Found a sparkling altar of Nemelex Xobeh.
  6846 | D:7      | Noticed Duvessa
  6846 | D:7      | Noticed Dowan
  6846 | D:7      | Noticed a two-headed ogre
  6906 | D:7      | Slain by a two-headed ogre

Illustrated notes

Levels and vault maps discovered:
D:1:      zaba_arrival_water, layout_loops_cross,
          shapermc_ecumenical_altar_mp_vishouse, serial_shops,
          nicolae_lakefront_shop, serial_aquarium, aquarium_bridge_square
          [aquarium_subvault_bridge, aquarium_subvault_wall,
          aquarium_subvault_wall, aquarium_subvault_window],
          aquarium_bridge_straight [aquarium_subvault_bridge,
          aquarium_subvault_wall, aquarium_subvault_bridge,
          aquarium_subvault_balcony], aquarium_window_fake, aquarium_window_3,
          aquarium_window_1, aquarium_window_1, aquarium_view_2e,
          aquarium_view_2d, aquarium_balcony_3a, aquarium_pool_S
D:2:      layout_basic, uniq_sigmund, uniq_natasha, uniq_jessica
D:3:      layout_loops_ring, gammafunk_temple_overflow_wave, kennysheep_nub,
          uniq_robin, uniq_grinder
D:4:      layout_rooms, lemuel_coloured_pillars_altar, tgw_trog,
          grunt_qazlal_clouds, guppyfry_early_lair_pool, uniq_eustachio
D:5:      layout_cave_pools, lemuel_tele_altar, mainiacjoe_overflow_alcove_4,
          eino_tiny_chamber, nrook_uturn, minmay_shop_enchanted_jewellery,
          uniq_pikel
D:6:      layout_basic, vehumet_statue, serial_shops, kennysheep_little_box,
          minmay_misc_feat_pillars
D:7:      layout_layer_cave, nicolae_yredelemnul_corpse_copse,
          nemelex_xobeh_ov_fountains_minmay,
          minmay_temple_entry_statues_fountains, uniq_duvessa

Skill      XL: |  1  2  3  4  5  6  7  8  9 |
---------------+----------------------------+-----
Staves         | 4 5 7 8 10 12 | 12.0
Dodging        | 4 |  4.0
Armour         | 3 4 |  4.0
Fighting       | |  2.0
Throwing       | |  2.0
Spellcasting   | |  0.8
Evocations     | |  0.9

Action                   |  1- 3 |  4- 6 |  7- 9 || total
-------------------------+-------+-------+-------++-------
Melee: Quarterstaff      |    60 |    78 |   203 ||   341
       Peck              |     6 |    11 |    37 ||    54
       Kick              |     8 |    26 |    64 ||    98
Throw: Throwing net      |       |     4 |     1 ||     5
       Javelin           |       |     1 |       ||     1
Evoke: Wand              |       |       |     2 ||     2
  Use: Potion            |     2 |     1 |     7 ||    10
       Scroll            |     1 |     1 |     6 ||     8
 Stab: Sleeping          |     2 |       |     4 ||     6
       Held in net/web   |       |     3 |     1 ||     4
       Invisible         |       |       |     1 ||     1
Armor: Leather armour    |    13 |    15 |    21 ||    49
Dodge: Dodged            |    41 |    39 |   102 ||   182
